[Event "Live Chess"]
[Site "Chess.com"]
[Date "2024.06.01"]
[Round "-"]
[White "E2E4colchester"]
[Black "Queensandpawns"]
[Result "0-1"]
[WhiteElo "989"]
[BlackElo "2466"]
[TimeControl "300"]
[EndTime "9:29:14 PDT"]
[Termination "Queensandpawns won by resignation"]

1. d4 c5 2. dxc5 Nc6 3. e3 Nf6 4. Nc3 g6 5. b3 Bg7 6. Bb2 O-O 7. Nf3 Ne4 8. Bd3 Nxc3 9. Bxc3 Bxc3+ 10. Nd2 Bxa1 11.
Qxa1 Qa5 12. Be2 Qxc5 13. c4 Qe5 14. Qxe5 Nxe5 15. Nf3 Nxf3+ 16. Bxf3 Rb8 17. O-O d6 18. Rd1 Rd8 19. h3 Be6 20. Bd5 b5 21. Bxe6 fxe6 22.
Rd4 bxc4 23. Rxc4 Rdc8 24. Rxc8+ Rxc8 25. a4 Rc1+ 26. Kh2 Rb1 27. Kg3 Rxb3 28. a5 Ra3 29. f4 Rxa5 30. Kf3 Rb5 31. g3 Rb8 32. h4 a5 33. g4 a4 0-1

[Event "Live Chess"]
[Site "Chess.com"]
[Date "2024.06.01"]
[Round "-"]
[White "MellowAesthetic"]
[Black "DJ_Lambton"]
[Result "1-0"]
[WhiteElo "2072"]
[BlackElo "1736"]
[TimeControl "300"]
[EndTime "9:29:23 PDT"]
[Termination "MellowAesthetic won by resignation"]

1. e4 c6 2. d4 d5 3. exd5 cxd5 4.
c4 Nf6 5. Nc3 Nc6 6. Nf3 Bg4 7.
cxd5 Nxd5 8. Qb3 Bxf3 9. gxf3 e6 10. Qxb7 Nxd4 11. Bb5+ Nxb5 12. Qc6+ Ke7 13. Qxb5 Qd7 14.
Nxd5+ exd5 15. Bg5+ f6 16. Qxd7+ Kxd7 17. Be3 Bd6 18. O-O-O Rhc8+ 19. Kb1 Rab8 20. Rxd5 Ke6 21. Rxd6+ Kxd6 22. Bf4+ Ke6 23. Bxb8 Rxb8 24. Re1+ Kf7 25. Re4 Rb7 26. b4 f5 27. Rc4 g6 28. a4 Ke6 29.
Kc2 Kd5 30. Kc3 Re7 31. Rc5+ Kd6 32. Ra5 Rc7+ 33. Kd4 Ke6 34. Ra6+ Kf7 35. b5 Rd7+ 36. Kc5 Rc7+ 37. Kd6 Re7 38. a5 Re6+ 39. Kc7 Rxa6 40.
bxa6 Ke7 41. Kb7 Kd7 42. Kxa7 Kc7 43. f4 h6 44. h4 h5 45. f3 Kc8 46. Kb6 Kb8 47. Kc6 Ka7 48. Kd6 Kxa6 49. Ke6 Kxa5 50.
Kf6 Kb4 51. Kxg6 Kc4 52. Kxf5 Kd3 53. Kg5 Ke3 54. f5 Kxf3 55. f6 Kg3 56. f7 Kg2 57.
f8=Q 1-0

[Event "Live Chess"]
[Site "Chess.com"]
[Date "2024.06.01"]
[Round "-"]
[White "Pedrada88"]
[Black "SvitlanaJ"]
[Result "1-0"]
[WhiteElo "2552"]
[BlackElo "393"]
[TimeControl "300"]
[EndTime "9:29:23 PDT"]
[Termination "Pedrada88 won by checkmate"]

1. d4 d5 2. Nf3 Nc6 3. c4 dxc4 4. d5 Na5 5. e4 e5 6. Nxe5 Bb4+ 7. Nc3 Bxc3+ 8. bxc3 Qh4 9. Qf3 Nf6 10. Nxc4 Nxc4 11. Bxc4 Nxe4 12. O-O O-O 13. g3 Qh3 14. Qxe4 Re8 15. Qxe8# 1-0

[Event "Live Chess"]
[Site "Chess.com"]
[Date "2024.06.01"]
[Round "-"]
[White "hapehansen"]
[Black "TigerTank70"]
[Result "1-0"]
[WhiteElo "2253"]
[BlackElo "2167"]
[TimeControl "300"]
[EndTime "9:29:30 PDT"]
[Termination "hapehansen won by resignation"]

1. d4 d5 2. c4 e5 3. dxe5 d4 4. Nf3 Nc6 5. a3 Bg4 6. Nbd2 Qd7 7. g3 Nge7 8. Bg2 Ng6 9. O-O O-O-O 10. b4 Ncxe5 11. Bb2 Qf5 12. Nxd4 Qh5 13. f3 Bh3 14.
Qc2 c5 15. bxc5 Bxc5 16. Nb3 Bxg2 17. Kxg2 Bxd4 18. Nxd4 Ne7 19. Nb5 N7c6 20. Rad1 a6 21. Nd6+ Kc7 22. Qf5 Qxf5 23. Nxf5 Nxc4 24. Bxg7 Rhg8 25.
Bf6 Rxd1 26. Rxd1 Nxa3 27. Ne7 Re8 28. Nd5+ Kb8 29. e4 b5 30. Ra1 b4 31. Nxb4 Nxb4 32.
Rxa3 Kb7 33. Rb3 a5 34. Bc3 Kc6 35. Bxb4 axb4 36. Rxb4 1-0

[Event "Live Chess"]
[Site "Chess.com"]
[Date "2024.06.01"]
[Round "-"]
[White "jimwad"]
[Black "resipsa6"]
[Result "0-1"]
[WhiteElo "1223"]
[BlackElo "2047"]
[TimeControl "300"]
[EndTime "9:29:31 PDT"]
[Termination "resipsa6 won by resignation"]

1. d4 d6 2. c4 e6 3. Nc3 Be7 4. Nf3 Bd7 5. e4 c6 6. Bd3 d5 7. cxd5 cxd5 8. e5 Nc6 9. Be3 Bb4 10. O-O Bxc3 11. bxc3 Nge7 12. c4 dxc4 13. Bxc4 Nf5 14. Qd2 Nxe3 15. Qxe3 O-O 16. Rab1 Na5 17. Bb3 Nxb3 18. Rxb3 Bc6 19. Rd1 Bxf3 20. Qxf3 Rc8 21. Rxb7 Rc4 22. Qd3 Ra4 23. Rb2 Qd5 24. Rdd2 Rc8 25.
h3 Rc1+ 26. Kh2 Rc8 27. Rbc2 Rd8 28. Qf3 Qxf3 29. gxf3 g6 30. Kg3 Rdxd4 31. Rxd4 Rxd4 32. Rc7 Ra4 33. Rc2 h5 34. f4 Kg7 35. f3 Ra3 36. h4 f6 37. exf6+ Kxf6 38. Re2 Ra4 39. Rb2 a5 40.
Re2 Ra3 41. Rb2 Rd3 42. Re2 Rd1 43. Kg2 Kf5 44. Re5+ Kxf4 45. Rxa5 Rd2+ 46. Kh3 Kxf3 47. Ra3+ Kf4 48. Ra4+ Kf5 49. Ra5+ e5 50. Ra8 e4 51. Rf8+ Ke5 52. Kg3 Rxa2 53. Re8+ Kf5 54. Rf8+ Ke5 55. Re8+ Kd5 56. Kf4 Rf2+ 57. Kg5 Rg2+ 58. Kf4 Rg4+ 59. Ke3 Rxh4 60. Rd8+ Ke5 61. Re8+ Kf5 62. Rf8+ Kg5 63.
Re8 Rg4 64. Re5+ Kh4 65. Rxe4 Rxe4+ 66. Kxe4 Kg3 67. Ke3 h4 68. Ke2 Kg2 0-1

[Event "Live Chess"]
[Site "Chess.com"]
[Date "2024.06.01"]
[Round "-"]
[White "Crowded_House"]
[Black "Grieve72"]
[Result "0-1"]
[WhiteElo "1740"]
[BlackElo "2651"]
[TimeControl "300"]
[EndTime "9:29:31 PDT"]
[Termination "Grieve72 won by resignation"]

1. d4 d5 2. Bg5 h6 3. Bh4 c5 4. c3 Qb6 5. Qb3 c4 6. Qxb6 axb6 7. a3 b5 8. Nd2 Nc6 9. e3 b4 10. Ngf3 Bf5 11. Be2 bxc3 12. bxc3 e6 13. O-O Rxa3 14. Rxa3 Bxa3 15. Ra1 Bb2 16. Ra8+ Kd7 17. Rf8 Bg6 18. e4 Bxc3 19. exd5 exd5 20. Nf1 Bb4 21. Ne3 Bxf8 22. Nxd5 b5 23. Bg3 Be4 24. Nb6+ Kd8 25. Nd2 Nf6 26.
Nxe4 Nxe4 0-1

[Event "Live Chess"]
[Site "Chess.com"]
[Date "2024.06.01"]
[Round "-"]
[White "raimundklein"]
[Black "A3ndrey9"]
[Result "0-1"]
[WhiteElo "1563"]
[BlackElo "1277"]
[TimeControl "300"]
[EndTime "9:29:33 PDT"]
[Termination "A3ndrey9 won by resignation"]

1. e4 c6 2. Nf3 d5 3. exd5 cxd5 4. Ne5 Nf6 5. Bb5+ Bd7 6. Nxd7 Nbxd7 7. d4 a6 8. Bd3 e6 9. Bg5 h6 10. Bh4 Be7 11.
O-O Qb6 12. Nc3 Qxd4 13. Qe2 Nc5 14. Rfd1 Qxh4 15. g3 Qh3 16. Qf3 Nxd3 17. Rxd3 Ng4 18. Qg2 Qxg2+ 19. Kxg2 O-O 20. Ne2 Bc5 21. f3 Ne3+ 22. Kh1 Rac8 23. c3 Nf5 24. Kg2 Ne3+ 25. Kh1 Nf5 26. Kg2 Rfd8 27. Rad1 Ne3+ 28. Kh1 Nxd1 29. Rxd1 0-1

[Event "Live Chess"]
[Site "Chess.com"]
[Date "2024.06.01"]
[Round "-"]
[White "Hazban"]
[Black "Tushinskiy"]
[Result "0-1"]
[WhiteElo "2039"]
[BlackElo "2230"]
[TimeControl "300"]
[EndTime "9:29:34 PDT"]
[Termination "Tushinskiy won by resignation"]

1. d4 d5 2. Nf3 c6 3. e3 Nf6 4. Bd3 Bg4 5. Nbd2 Bh5 6. h3 Nbd7 7. b3 e6 8. Bb2 Bd6 9. O-O Qe7 10. Qc1 Bg6 11. Re1 Ne4 12. c4 O-O 13. c5 Bc7 14. Bf1 f5 15. b4 Bh5 16. a4 g5 17. b5 g4 18. hxg4 fxg4 19. Nxe4 gxf3 20. Ng3 fxg2 21. Bxg2 Bxg3 22. fxg3 Qg5 23. e4 Qxg3 24. exd5 Qf2+ 25. Kh1 Rf4 26. Re3 Rh4+ 27. Bh3 Bf3+ 28. Rxf3 Qxf3+ 29. Kh2 Rxh3+ 0-1

[Event "Live Chess"]
[Site "Chess.com"]
[Date "2024.06.01"]
[Round "-"]
[White "CheckThis4"]
[Black "Cruiseylee78"]
[Result "1-0"]
[WhiteElo "2692"]
[BlackElo "1661"]
[TimeControl "300"]
[EndTime "9:29:35 PDT"]
[Termination "CheckThis4 won by checkmate"]

1. d4 Nf6 2. Nc3 d6 3. e4 Nbd7 4. Nge2 e6 5. g3 e5 6. Bg2 c6 7. O-O Be7 8. h3 Qc7 9. b3 Nf8 10. Bb2 h6 11. d5 g5 12. dxc6 bxc6 13. Qd3 Ng6 14. Rad1 a5 15. Ba3 Ba6 16. Qd2 Rd8 17.
Rfe1 O-O 18. Na4 d5 19. Bxe7 Nxe7 20. Qe3 d4 21. Qf3 Qd6 22. c4 Nd7 23. g4 Ng6 24. Ng3 Nf4 25. Nf5 Qf6 26. Bf1 c5 27. Nb2 Kh7 28.
Nd3 Nxd3 29. Bxd3 a4 30. bxa4 Qc6 31. Kg2 Qxa4 32. h4 f6 33. Rh1 Rg8 34. hxg5 fxg5 35. Rxh6# 1-0

[Event "Live Chess"]
[Site "Chess.com"]
[Date "2024.06.01"]
[Round "-"]
[White "RuslanChessN"]
[Black "will-balkwill"]
[Result "1-0"]
[WhiteElo "1986"]
[BlackElo "1077"]
[TimeControl "300"]
[EndTime "9:29:38 PDT"]
[Termination "RuslanChessN won on time"]

1. d4 Nf6 2. c4 e5 3. d5 Bc5 4. e3 d6 5. Nc3 Bf5 6. a3 a5 7. Bd3 Bxd3 8. Qxd3 O-O 9. Nf3 Re8 10. Ne4 Nxe4 11.
Qxe4 Qf6 12. Bd2 Nd7 13. Bc3 Qg6 14. Qh4 Nf6 15. O-O e4 16. Ng5 h6 17. Nh3 Nd7 18. Nf4 Qg5 19. Qxg5 hxg5 20. Ne2 f5 21. Nd4 Bxd4 22.
Bxd4 Rf8 23. b4 a4 24. c5 Rac8 25. Rac1 f4 26. Rfd1 f3 27. g3 Kf7 28. cxd6 cxd6 29. Kf1 Ne5 30. Bxe5 dxe5 31. Rc5 Rh8 32. Kg1 b6 33.
Rc6 Rxc6 34. dxc6 Ke6 35. Rd7 Rc8 36. Rxg7 Rxc6 37. Rg6+ Kd7 38. Rxc6 Kxc6 39. h4 Kd6 40. hxg5 Ke6 41. Kh2 Kf5 42. Kh3 Kxg5 43. g4 Kg6 44. Kh4 Kh6 45. g5+ Kg6 46. Kg4 b5 47.
Kh4 Kg7 48. Kh5 Kh7 49. g6+ Kg7 50. Kg5 Kg8 51. Kf5 Kg7 52. Kxe5 Kxg6 53. Kxe4 Kf7 54.
Kxf3 Ke6 55. Ke4 Kf6 56. f4 Ke6 57. f5+ Kf6 58. Kf4 1-0

[Event "Live Chess"]
[Site "Chess.com"]
[Date "2024.06.01"]
[Round "-"]
[White "Andysav3"]
[Black "grillage"]
[Result "1-0"]
[WhiteElo "1836"]
[BlackElo "1922"]
[TimeControl "300"]
[EndTime "9:29:41 PDT"]
[Termination "Andysav3 won by checkmate"]

1. e4 d5 2. exd5 Qxd5 3. d4 c6 4. Nf3 Bg4 5. Be2 e6 6. O-O Nf6 7. c4 Qd7 8. Ne5 Bxe2 9. Nxd7 Bxd1 10. Nxf6+ gxf6 11. Rxd1 Nd7 12. Nc3 O-O-O 13. Be3 Nb6 14. b3 Bg7 15. a4 f5 16. a5 Nd7 17. a6 b6 18. Rac1 Nf6 19. b4 Ng4 20. Ne2 Nxe3 21. fxe3 Bh6 22. Kf2 Rhg8 23. d5 Kc7 24. b5 c5 25.
dxe6 fxe6 26. g3 e5 27. Nc3 f4 28. Nd5+ Kb8 29. gxf4 exf4 30. exf4 Rgf8 31. Ne7 Rxf4+ 32.
Kg1 Rdf8 33. Nc6+ Ka8 34. Rd7 R4f7 35. Rcd1 Be3+ 36. Kg2 Bd4 37. Rxf7 Rxf7 38. Nxd4 Rd7 39. Re1 Kb8 40. Nc6+ Kc7 41. Nxa7 Rd4 42. Nc6 Rxc4 43. a7 Ra4 44. Re7+ Kd6 45. Re8 Ra2+ 46. Kg3 Ra3+ 47. Kf4 Ra4+ 48. Kg5 c4 49. a8=Q Rxa8 50. Rxa8 Kc5 51. Ra3 Kxb5 52. Ne7 Kb4 53. Ra1 b5 54. Kh6 Kb3 55. Kxh7 c3 56. Nd5 Kb2 57. Nxc3 Kxa1 58.
Nxb5 Kb2 59. h4 Kb3 60. h5 Kc4 61. h6 Kd5 62. Kg7 Ke6 63. h7 Kd5 64. h8=Q Kc5 65. Qd8 Kxb5 66. Kf6 Kc4 67. Ke5 Kc3 68. Qd4+ Kb3 69.
Qc5 Kb2 70. Kd4 Kb3 71. Kd3 Kb2 72. Qc2+ Ka3 73. Qb1 Ka4 74. Kc4 Ka5 75. Qb7 Ka4 76. Qa7# 1-0

[Event "Live Chess"]
[Site "Chess.com"]
[Date "2024.06.01"]
[Round "-"]
[White "Zhevzh1k7"]
[Black "EdenHazard8"]
[Result "0-1"]
[WhiteElo "1067"]
[BlackElo "2179"]
[TimeControl "300"]
[EndTime "9:29:44 PDT"]
[Termination "EdenHazard8 won by resignation"]

1. e4 e5 2. Nf3 Nc6 3. Bc4 Nf6 4. Nc3 Bc5 5. O-O O-O 6. Re1 d6 7. d3 a6 8. a4 h6 9. h3 Ba7 10. Be3 Nd4 11. Nd5 Nxd5 12. Bxd5 c6 13. Nxd4 exd4 14.
Bxh6 cxd5 15. Bf4 dxe4 16. Rxe4 Qf6 17. Qf3 Bb8 18. Rae1 d5 19. Be5 Qxf3 20. gxf3 dxe4 21. Bxb8 Rxb8 22. dxe4 Bxh3 23. e5 Bf5 24. Rc1 Rfc8 25.
c3 dxc3 26. bxc3 Rc4 27. a5 Rbc8 28. Kg2 Rxc3 29. Rxc3 Rxc3 30. Kg3 Rc5 31. f4 Be6 32. Kf3 Rxa5 33. Ke4 Ra4+ 34. Kd3 Bf5+ 35. Ke3 Ra3+ 36. Kd4 b5 37. Kc5 Rf3 38. Kd5 Rxf4 0-1

[Event "Live Chess"]
[Site "Chess.com"]
[Date "2024.06.01"]
[Round "-"]
[White "PedroCI"]
[Black "Countrylife123"]
[Result "1-0"]
[WhiteElo "1266"]
[BlackElo "1215"]
[TimeControl "300"]
[EndTime "9:29:46 PDT"]
[Termination "PedroCI won on time"]

1. e4 c6 2. Nc3 d5 3. d4 dxe4 4. Nxe4 Bf5 5. Ng3 Bg6 6. h4 h5 7.
Nf3 Nf6 8. Bd3 Bxd3 9. Qxd3 Nbd7 10. Bf4 Nd5 11. Bd2 e6 12. c4 N5f6 13. Bg5 Be7 14.
c5 Nd5 15. Bd2 b6 16. O-O bxc5 17. dxc5 Nxc5 18. Qc2 Qc7 19. Rfd1 Rb8 20. a3 Bf6 21. Rab1 Nb3 22. Be1 O-O 23. Ne4 Be5 24. Neg5 g6 25. Nxe5 Qxe5 26. g3 Rfd8 27. Qxc6 Nd4 28. Qc4 Ne2+ 29.
Kg2 Rxb2 30. Rxb2 Qxb2 31. Rd2 1-0

[Event "Live Chess"]
[Site "Chess.com"]
[Date "2024.06.01"]
[Round "-"]
[White "GwaryTek"]
[Black "CheDA13"]
[Result "0-1"]
[WhiteElo "1967"]
[BlackElo "1506"]
[TimeControl "300"]
[EndTime "9:29:52 PDT"]
[Termination "CheDA13 won on time"]

1. d4 Nf6 2. c4 e6 3. Nc3 d5 4.
Nf3 Be7 5. Bg5 O-O 6. cxd5 exd5 7. e3 Nbd7 8. Bd3 c6 9. Qc2 h6 10. Bf4 Re8 11. O-O Nf8 12. Rab1 Bd6 13. Bg3 Bxg3 14. hxg3 a6 15. b4 Bd7 16. a4 Qc7 17. Ne5 Ne6 18. f4 h5 19. Qe2 g6 20. Kf2 Kg7 21. Rh1 Rh8 22. Rh2 Rh7 23. Rbh1 Rah8 24. Qc2 Be8 25. Rc1 Nd7 26. b5 axb5 27. axb5 Nxe5 28. dxe5 h4 29. g4 h3 30. g3 Rh6 31. g5 R6h7 32.
Rch1 cxb5 33. Nxd5 Qxc2+ 34. Bxc2 Bc6 35. Be4 Bxd5 36.
Bxd5 b6 37. Rc1 Nc5 38. Ke2 Rd8 39. e4 Rd7 40. Rb1 Ra7 41. Rxb5 Ra2+ 42. Bxa2 Rh8 43. Rxb6 Nxe4 44. Kf3 Nc5 45. Rc6 Ne6 46. Ra6 Re8 47.
Rxh3 Rc8 48. Bxe6 Rc3+ 49. Kg4 fxe6 50. Ra7+ Kg8 51. Rhh7 Rd3 52. Rag7+ Kf8 53. Ra7 Kg8 54. Rhb7 Rd8 55. Ra6 Rf8 56. Rxe6 Rd8 57. Rbe7 Rf8 58. Rxg6+ Kh8 0-1

[Event "Live Chess"]
[Site "Chess.com"]
[Date "2024.06.01"]
[Round "-"]
[White "14141409"]
[Black "Inglaterra"]
[Result "1-0"]
[WhiteElo "2561"]
[BlackElo "2037"]
[TimeControl "300"]
[EndTime "9:30:01 PDT"]
[Termination "14141409 won by resignation"]

1. e4 Nf6 2. e5 Nd5 3. c4 Nb6 4.
d4 d6 5. f4 dxe5 6. f5 Qxd4 7.
Qf3 Nc6 8. Nc3 e6 9. Be3 Qd8 10. Rd1 Bd7 11. fxe6 fxe6 12. Nh3 Be7 13. Qh5+ g6 14.
Qg4 O-O 15. Bd3 Qe8 16. Bh6 Rf7 17. Ne4 Bb4+ 18. Bd2 Bxd2+ 19. Rxd2 Nd4 20. Nhg5 Rf4 21. Qh3 Qe7 22. g3 Rff8 23. Qh6 Nf5 24. Qh3 Bc6 25. Nf3 Qg7 26. O-O Rad8 27. Nfg5 Rfe8 28. g4 Nd4 29. Nf6+ Kh8 30. Nxe8 Rxe8 31. Rf7 Qxf7 32. Nxf7+ Kg7 33. Qh6+ Kxf7 34. Qxh7+ Kf6 35. Rf2+ Nf3+ 36. Rxf3+ Bxf3 37. g5+ Kxg5 38. Qxg6+ Kf4 39. Qxe8 e4 40. Bf1 1-0

[Event "Live Chess"]
[Site "Chess.com"]
[Date "2024.06.01"]
[Round "-"]
[White "McFim"]
[Black "Purple1szed"]
[Result "0-1"]
[WhiteElo "1576"]
[BlackElo "2080"]
[TimeControl "300"]
[EndTime "9:30:10 PDT"]
[Termination "Purple1szed won on time"]

1. e4 e5 2. Nf3 Nc6 3. Bb5 g6 4. O-O Bg7 5. d3 Nge7 6. h3 d6 7. Nc3 O-O 8. Bg5 h6 9. Be3 f5 10. exf5 Nxf5 11. Bd2 Ncd4 12. Nxd4 Nxd4 13. Bc4+ Kh7 14.
Ne2 Nf3+ 15. gxf3 Bxh3 16. Re1 Rxf3 17. Ng3 Qf6 18. Qe2 Rf8 19. Be3 c6 20. c3 d5 21.
Bb3 Qh4 22. Bc2 d4 23. cxd4 exd4 24. Bc1 Rxg3+ 25. fxg3 Qxg3+ 26. Kh1 Rf2 27. Qxf2 Qxf2 28. Rg1 Qf3+ 29. Kh2 Be5+ 0-1

[Event "Live Chess"]
[Site "Chess.com"]
[Date "2024.06.01"]
[Round "-"]
[White "vincents82"]
[Black "Berdgross"]
[Result "1-0"]
[WhiteElo "2150"]
[BlackElo "579"]
[TimeControl "300"]
[EndTime "9:30:21 PDT"]
[Termination "vincents82 won by resignation"]

1. e4 e5 2. Nf3 d6 3. d4 exd4 4.
Nxd4 Nf6 5. Nc3 h6 6. Be2 c5 7. Nf3 Qe7 8. Bd3 Bg4 9. O-O Bxf3 10. Qxf3 Nc6 11. Bf4 g5 12. Nd5 Nxd5 13. exd5 Nd4 14. Qh5 Qf6 15. Rfe1+ Be7 16. Bd2 O-O-O 17. c3 Nb5 18.
Bxb5 Rde8 19. Bxe8 Rxe8 1-0

[Event "Live Chess"]
[Site "Chess.com"]
[Date "2024.06.01"]
[Round "-"]
[White "Demyan7777"]
[Black "matt1979"]
[Result "1-0"]
[WhiteElo "1693"]
[BlackElo "1361"]
[TimeControl "300"]
[EndTime "9:30:25 PDT"]
[Termination "Demyan7777 won by resignation"]

1. e4 d6 2. d4 Nf6 3. Nc3 Nbd7 4. f4 e5 5. fxe5 dxe5 6. d5 Bb4 7. Bd3 O-O 8. Nf3 c6 9. dxc6 bxc6 10. O-O Qb6+ 11. Kh1 Bxc3 12. bxc3 Bb7 13. Qe1 Qc7 14. Bg5 h6 15. Be3 a6 16. Qg3 Nh5 17. Qh4 Nf4 18. Bxf4 exf4 19. Nd4 Nf6 20. Nf5 c5 21. Nxh6+ gxh6 22. Qxf6 Qc6 23. Qxf4 f5 24. Bc4+ Kh7 25. Bd5 Qg6 26. Bxb7 Rg8 27. exf5 Qg7 28. Bxa8 Rxa8 29. f6 Qg6 30. f7 Rf8 31. Rae1 Kg7 32. Re7 1-0

[Event "Live Chess"]
[Site "Chess.com"]
[Date "2024.06.01"]
[Round "-"]
[White "RamsayFlayer"]
[Black "Yegorych"]
[Result "1-0"]
[WhiteElo "1967"]
[BlackElo "1506"]
[TimeControl "300"]
[EndTime "9:30:37 PDT"]
[Termination "RamsayFlayer won on time"]

1. e4 c5 2. c3 d5 3. exd5 Qxd5 4. d4 Nf6 5. Nf3 cxd4 6. cxd4 e6 7. Nc3 Qd6 8. Nb5 Qd8 9. Bf4 Nd5 10. Bg3 Qa5+ 11. Qd2 Bb4 12. Nd6+ Kf8 13. Nxc8 Bxd2+ 14. Nxd2 Nc6 15.
Nd6 Nxd4 16. Nc4 Qc5 17. Bd6+ Qxd6 18. Nxd6 Nc2+ 19. Kd1 Nxa1 20. Bd3 Ke7 21. N2c4 b5 22. Nxb5 Rhc8 23. Kd2 Nb3+ 24. axb3 Nb4 25. Be4 Rd8+ 26. Ke2 Rab8 27. Nxa7 Rbc8 28. Rd1 Rxd1 29. Kxd1 Rd8+ 30.
Ke2 Rd7 31. Nc6+ Nxc6 32. Bxc6 Rd8 33. b4 f6 34. b5 Rd4 35. b3 Kd8 36. b6 Kc8 37.
Ke3 Rd8 38. Na5 Rd6 39. b7+ Kb8 40. Be4 f5 41. Bf3 Rb6 42. Kd4 Rb4+ 43. Kc3 Rb6 44. Kc4 Ra6 45. b4 Rd6 46. Kb5 g5 47. Kc5 Ra6 48. Nc6+ Kxb7 49. b5 Ra5 50. Nxa5+ Kb8 51.
Nc4 g4 52. Nd6 gxf3 53. gxf3 1-0

[Event "Live Chess"]
[Site "Chess.com"]
[Date "2024.06.01"]
[Round "-"]
[White "Delacorta"]
[Black "Bob2pen"]
[Result "0-1"]
[WhiteElo "1396"]
[BlackElo "1844"]
[TimeControl "300"]
[EndTime "9:30:37 PDT"]
[Termination "Bob2pen won by resignation"]

1. d4 Nf6 2. Nf3 c5 3. e3 g6 4. Bd3 Bg7 5. b3 O-O 6. Bb2 d5 7. Nbd2 cxd4 8. exd4 Nc6 9. O-O a6 10. a3 Bg4 11. h3 Bxf3 12. Nxf3 e6 13. Ne5 Qc7 14. f4 Nd7 15. Rf3 Rac8 16. Qe2 Ndxe5 17. fxe5 Qb6 18. Kh1 Nxd4 19. Bxd4 Qxd4 20. Raf1 Qxe5 21.
Qf2 Qc7 22. c4 d4 23. c5 Qe7 24. b4 a5 25. Bc4 axb4 26. axb4 b6 27. cxb6 Rxc4 28. b7 Rxb4 0-1

[Event "Live Chess"]
[Site "Chess.com"]
[Date "2024.06.01"]
[Round "-"]
[White "KwikPhoenix"]
[Black "Nathaniel250"]
[Result "1-0"]
[WhiteElo "2468"]
[BlackElo "1425"]
[TimeControl "300"]
[EndTime "9:30:37 PDT"]
[Termination "KwikPhoenix won by resignation"]

1. Nc3 d5 2. e4 dxe4 3. Nxe4 Bf5 4. Ng3 Qc8 5. d4 Nf6 6. Nxf5 Qxf5 7. Bd3 Qg4 8. Qxg4 Nxg4 9. Nf3 Nc6 10. c3 e6 11.
h3 Nf6 12. Bb5 Kd7 13. Ne5+ Ke7 14. Nxc6+ bxc6 15. Bxc6 Rb8 16. O-O Rb6 17. Bf3 Kd7 18. b3 Be7 19. Be3 Rbb8 20. Rfd1 a5 21. d5 exd5 22. Bxd5 Nxd5 23. Rxd5+ Ke6 24. Rxa5 Bf6 25. Re1 Bxc3 26. Bd2+ Kd7 27. Bxc3 Ra8 28. Rd1+ Kc6 29. a4 Rxa5 30. Bxa5 Ra8 31. b4 Kb7 32. Rd7 Rc8 33. Rxf7 Re8 1-0

[Event "Live Chess"]
[Site "Chess.com"]
[Date "2024.06.01"]
[Round "-"]
[White "NottheBishopSacrifice"]
[Black "alicechristina"]
[Result "1-0"]
[WhiteElo "2118"]
[BlackElo "1624"]
[TimeControl "300"]
[EndTime "9:30:39 PDT"]
[Termination "NottheBishopSacrifice won by resignation"]

1. Nf3 d5 2. g3 e6 3. Bg2 Nf6 4. O-O Be7 5. d4 O-O 6. c4 c6 7.
Nc3 Nbd7 8. b3 a6 9. Bb2 b5 10. c5 b4 11. Na4 a5 12. a3 Ba6 13. axb4 axb4 14. Re1 Ne8 15. e4 e5 16. exd5 cxd5 17.
Nxe5 Nxe5 18. Rxe5 Bf6 19. Rxd5 1-0

[Event "Live Chess"]
[Site "Chess.com"]
[Date "2024.06.01"]
[Round "-"]
[White "ACM42"]
[Black "StoreySniper"]
[Result "0-1"]
[WhiteElo "2207"]
[BlackElo "2536"]
[TimeControl "300"]
[EndTime "9:30:46 PDT"]
[Termination "StoreySniper won by resignation"]

1. e4 g6 2. d4 Bg7 3. f4 d5 4.
e5 c5 5. c3 cxd4 6. cxd4 Nc6 7. Nc3 Nh6 8. Nf3 Bg4 9. Be3 Nf5 10. Bf2 e6 11. Bb5 Rc8 12. Bxc6+ Rxc6 13. h3 Bxf3 14.
Qxf3 Qb6 15. Qe2 O-O 16. O-O Rfc8 17. Rfd1 Bh6 18. g4 Ne7 19. Be3 Rc4 20. Rac1 Qa6 21. Qd2 Kh8 22. b3 R4c7 23. a4 Qa5 24. Nb5 Rxc1 25. Rxc1 Qxd2 26. Bxd2 Rxc1+ 27. Bxc1 Nc6 28. Nd6 Nxd4 29. Nxf7+ Kg7 30. Nxh6 Ne2+ 31. Kf2 Nxc1 32. g5 Nxb3 33. Ng4 Nc5 34. a5 a6 35. Ke3 Nb3 36. Nf6 Nxa5 37. h4 Nc4+ 38. Kd4 a5 39. h5 gxh5 40. Nxh5+ Kf7 41. Nf6 a4 42. Kc3 a3 43. Kb3 Kg6 44. Ne8 Kf5 45. Nd6+ Kxf4 46.
Nxb7 Kxg5 47. Nc5 Kf5 48. Nd3 h5 0-1

[Event "Live Chess"]
[Site "Chess.com"]
[Date "2024.06.01"]
[Round "-"]
[White "halfberg"]
[Black "LL220284LL"]
[Result "0-1"]
[WhiteElo "1903"]
[BlackElo "2579"]
[TimeControl "300"]
[EndTime "9:30:54 PDT"]
[Termination "LL220284LL won by resignation"]

1. e4 c6 2. d4 h6 3. Nf3 d6 4. c4 g5 5. Nc3 Bg7 6. h3 Nf6 7.
Bd3 c5 8. Be3 cxd4 9. Nxd4 O-O 10. O-O Nc6 11. Rc1 Bd7 12. a3 Rc8 13. Bb1 Ne5 14.
b3 a6 15. f4 gxf4 16. Bxf4 b5 17. cxb5 axb5 18. Kh1 Qa5 19. Qd2 Qxa3 20. Bxh6 Bxh6 21.
Qxh6 Qb4 22. Nf5 Bxf5 23. Rxf5 Rxc3 24. Rg5+ Ng6 25. Rxg6+ fxg6 26. Qxg6+ Kh8 27. Qh6+ Nh7 28. Rxc3 Qxc3 29. e5 Qe1+ 30. Kh2 Qxe5+ 0-1

[Event "Live Chess"]
[Site "Chess.com"]
[Date "2024.06.01"]
[Round "-"]
[White "Dhaydon19"]
[Black "Trendle"]
[Result "0-1"]
[WhiteElo "2699"]
[BlackElo "2621"]
[TimeControl "300"]
[EndTime "9:30:55 PDT"]
[Termination "Trendle won by resignation"]

1. d4 f5 2. Nf3 Nf6 3. c4 g6 4. Nc3 d6 5. g3 Bg7 6. Bg2 O-O 7. O-O Nc6 8. d5 Na5 9. Nd2 c5 10. dxc6 Nxc6 11. Nf3 Kh8 12. Nd5 Nxd5 13. cxd5 Ne5 14.
Nd4 Qb6 15. Ne6 Bxe6 16. dxe6 Nc4 17. Bg5 Rfe8 18. Rb1 Rac8 19. b3 Na3 20. Rc1 Rxc1 21. Qxc1 Nb5 22. Bxe7 Nc3 23. Bf3 Rxe7 24. Qg5 Rxe6 25.
Rc1 h6 26. Qf4 Nxe2+ 27. Bxe2 Rxe2 28. Kf1 Re8 29. h4 Qb5+ 30. Kg1 Qe5 31. Qf3 Qe4 32.
Qd1 f4 0-1

[Event "Live Chess"]
[Site "Chess.com"]
[Date "2024.06.01"]
[Round "-"]
[White "degringolade64"]
[Black "TC2304"]
[Result "0-1"]
[WhiteElo "2047"]
[BlackElo "2337"]
[TimeControl "300"]
[EndTime "9:31:03 PDT"]
[Termination "TC2304 won on time"]

1. e4 Nc6 2. Nf3 d6 3. d4 Nf6 4. Nc3 Bg4 5. Bb5 a6 6. Bxc6+ bxc6 7. O-O e6 8. h3 Bh5 9. b3 d5 10. e5 Ne4 11. Qd3 Nxc3 12. Qxc3 Qd7 13. a4 Bxf3 14. Qxf3 c5 15. c4 cxd4 16. Rd1 Bc5 17. Ba3 Bxa3 18.
Rxa3 c5 19. b4 cxb4 20. Rad3 O-O 21. Rxd4 Qxa4 22. cxd5 exd5 23. Rg4 Rad8 24. Qf6 g6 25. e6 Rd6 26. exf7+ Rxf7 27. Qxd6 Qxd1+ 28. Kh2 Qc1 29. Qxd5 Qc7+ 30. g3 Qd7 31. Qb3 Qd2 32. Rf4 Qd7 33. Kg2 Qb7+ 34. Kg1 a5 35. Qe6 Qd7 36. Qc4 Qc7 37. Qd5 Qd7 38. Qc4 Qe7 39.
h4 a4 40. Rxf7 Qxf7 41. Qxb4 Qb3 42. Qe4 Kf7 43. Qd4 Ke6 44. Qe4+ Kd6 45. Qd4+ Kc6 46.
Qf6+ Kb5 47. Qe5+ Kb4 48. Qd6+ Kc3 49. Qc7+ Kb2 50. Qxh7 a3 51. Qg7+ Qc3 52. Qb7+ Kc1 0-1

[Event "Live Chess"]
[Site "Chess.com"]
[Date "2024.06.01"]
[Round "-"]
[White "DoggyDalmatian"]
[Black "MagnersCarlsberg2870"]
[Result "1-0"]
[WhiteElo "1613"]
[BlackElo "1881"]
[TimeControl "300"]
[EndTime "9:31:03 PDT"]
[Termination "DoggyDalmatian won by resignation"]

1. e4 e5 2. Nf3 Nc6 3. Bc4 Nd4 4. Nxd4 exd4 5. d3 Nf6 6. O-O d6 7. h3 h5 8. Nd2 c6 9. f3 b5 10. Bb3 Qc7 11. f4 a5 12. a4 Be6 13. Bxe6 fxe6 14. Nf3 b4 15. Nxd4 e5 16. fxe5 dxe5 17. Nf5 Bc5+ 18.
Be3 Qb6 19. Qe2 O-O-O 20. Bxc5 Qxc5+ 21. Qf2 Qxf2+ 22. Rxf2 c5 23. Nxg7 Rh6 24. Ne6 Rg8 25. Nxc5 Rhg6 26. Kh2 h4 27. Raf1 Nh5 28. Rf8+ Rxf8 29.
Rxf8+ Kc7 30. Rf2 Nf4 31. Nb3 Rg3 32. Nxa5 Re3 33. Nc4 Re1 34. Nxe5 Nh5 35. Nf3 Ng3 36. Nxe1 1-0